AoeStats
← Wollebrocken

Black Forest

509171022Analyzed
2v2 RM · 7d ago on Sep 25, 2026· 41m 59s· 4 players
Game mode
Random Map
Map size
Medium (4 player)
Population
200
Speed
Normal
Resources
Standard
Victory
Conquest
Starting age
Dark Age
Ending age
Imperial Age
RankedLock teamsTeams togetherTeam positionsShared explorationLock speedFull tech treeHidden civsTurbo modeCheats
Victory
Defeat
🇩🇪 Mongols · Germany
1168
+16
🇬🇧 Byzantines · United Kingdom
1126
+18
🇦🇷 Turks · Argentina
1162
-17
🇦🇷 Celts · Argentina
1162
-17
ageofcardiff
0:37 Loom
2:49 Loom
11:19 Feudal Age
12:40 Fletching
16:12 Padded Archer Armor
22:19 Castle Age
22:34 Crossbowman
23:45 Horse Collar
28:52 Double-Bit Axe
30:12 Bow Saw
32:49 Ballistics
33:59 Wheelbarrow
35:35 Bodkin Arrow
38:41 Imperial Age
36:22 Heavy Plow
36:21 Gold Mining
37:43 Gold Shaft Mining
38:15 Hand Cart
38:25 Stone Mining
38:59 Leather Archer Armor
40:38 Chemistry
40:44 Light Cavalry
40:50 Arbalester
41:38 Bracer
41:49 Thumb Ring
Wollebrocken
1:13 Loom
10:46 Feudal Age
11:52 Horse Collar
12:02 Double-Bit Axe
13:30 Wheelbarrow
18:12 Castle Age
16:16 Stone Mining
19:19 Bow Saw
21:18 Heavy Plow
21:55 Bloodlines
24:51 Stone Shaft Mining
24:07 Gold Mining
26:45 Hand Cart
28:05 Gold Shaft Mining
29:54 Ballistics
32:53 Imperial Age
32:17 Light Cavalry
33:42 Murder Holes
34:38 Conscription
33:46 Elite Mangudai
33:51 Capped Ram
35:30 Drill
34:54 Siege Ram
36:04 Fletching
36:15 Padded Archer Armor
37:27 Onager
38:51 Elite Steppe Lancer
PAULXI
0:55 Loom
12:50 Feudal Age
14:03 Horse Collar
16:59 Castle Age
15:28 Double-Bit Axe
18:59 Wheelbarrow
19:27 Forging
19:20 Scale Mail Armor
19:42 Forging
25:18 Pikeman
31:55 Iron Casting
31:37 Chain Mail Armor
37:52 Imperial Age
35:51 Fletching
36:19 Elite Skirmisher
37:29 Bodkin Arrow
37:35 Padded Archer Armor
jbeltrankrisciunas
0:38 Loom
12:19 Feudal Age
14:07 Wheelbarrow
14:55 Fletching
19:02 Castle Age
29:35 Demolition Ship
39:23 Wheelbarrow
Connection lost

Rejoining the realm…

Still unreachable

The connection could not be restored.

Session expired

The server has moved on; the page needs a fresh start.